 Dungeon Crawl Stone Soup version 0.19-a0-1007-g133f65f (webtiles) character file.

141 Etesian the Skirmisher (level 5, 0/42 HPs)
             Began as a Mummy Fighter on July 20, 2016.
             Killed from afar by Ijyb (10 damage)
             ... with a wand of flame
             ... on level 3 of the Dungeon.
             The game lasted 00:05:05 (2225 turns).

Etesian the Skirmisher (Mummy Fighter)              Turns: 2225, Time: 00:05:05

Health: 0/42       AC:  4    Str: 19    XL:     5   Next: 3%
Magic:  5/5        EV:  9    Int:  7    God:
Gold:   179        SH:  9    Dex: 13    Spells: 0 memorised, 4 levels left

rFire  x . .     SeeInvis .     a - +0 long sword
rCold  + . .     Gourm    .     b - +0 robe
rNeg   + + +     Faith    .     c - +0 shield
rPois  ∞         Spirit   .     f - +0 helmet
rElec  .         Dismiss  .     k - +0 cloak
rCorr  .         Reflect  .     (no gloves)
SustAt .         Harm     .     (no boots)
MR     .....                    (no amulet)
Stlth  +.........               (no ring)
                                (no ring)

@: not resistant to hostile enchantments, very unstealthy
A: no food or potions, fire vulnerability, cold resistance 1, negative energy
resistance 3, torment resistance, unbreathing
a: no special abilities


You were on level 3 of the Dungeon.
You were not hungry.

You visited 1 branch of the dungeon, and saw 3 of its levels.

You collected 179 gold pieces.

Inventory:

Hand Weapons
 a - a +0 long sword (weapon)
Armour
 b - a +0 robe (worn)
 c - a +0 shield (worn)
 f - a +0 helmet (worn)
 k - a +0 cloak (worn)
Scrolls
 d - 2 scrolls of remove curse
 e - a scroll of identify {unknown}
 g - 2 scrolls of recharging {unknown}
 h - a scroll of magic mapping {unknown}
 i - a scroll of enchant weapon {unknown}
 j - a scroll of blinking {unknown}


   Skills:
 + Level 3.7 Fighting
 * Level 2.9 Long Blades
 - Level 2.4 Armour
 + Level 1.5 Dodging
 + Level 3.0 Shields


You had 4 spell levels left.
You didn't know any spells.

Dungeon Overview and Level Annotations

Branches:
Dungeon (3/15)

Altars:

Annotations:
D:3 Ijyb


Innate Abilities, Weirdness & Mutations

You do not eat or drink.
Your flesh is vulnerable to fire.
You are immune to poison.
Your flesh is cold resistant. (rC+)
You are immune to negative energy. (rN+++)
You are immune to unholy pain and torment.
You can survive without breathing.


Message History

You are too injured to fight recklessly!
You are too injured to fight recklessly!
Press: ? - help, v - describe, . - travel
Here: Ijyb, wielding a club and carrying a wand of flame {zapped: 3} (moderately wounded)
The floor, spattered with blood.
Unknown command.
You can't drink.
Unknown command.
As you read the scroll labeled ADOPOKKELEH, it crumbles to dust.
You feel as if something is helping you.
It was a scroll of remove curse.
Ijyb barely misses you.
You riposte.
You hit Ijyb.
Ijyb is heavily wounded.
You completely miss Ijyb.
Ijyb is heavily wounded.
You block Ijyb's attack.
You barely miss Ijyb.
Ijyb is heavily wounded.
Ijyb zaps a wand.
The puff of flame hits you! The fire burns you terribly!
You die...

###.##....#.#.##.....#
# .##....#.#..#.....##
. ##..................
## #.####.##.#########
. ................ #
####.###.####.## # #
#.## ######. #..#
....... ##@# ######
..!.....g......
#.######
...............
.......+
...............
#......#
............###
#......+ ............#
#......# ............#
#......# ............#
#...!..#


You could see Ijyb.

Vanquished Creatures
  An orc wizard (D:3)
  3 adders
  2 oozes
  3 dart slugs (D:2)
  5 giant geckos
  3 orcs (D:3)
  A ball python (D:2)
  2 giant cockroaches
  6 goblins
  8 hobgoblins
  4 jackals (D:3)
  2 quokkas (D:2)
  5 bats
  8 giant newts
  5 kobolds
  10 rats
68 creatures vanquished.

Notes
Turn   | Place    | Note
-------+----------+-------------------------------------------
     0 | D:1      | Etesian the Mummy Fighter began the quest for the Orb.
     0 | D:1      | Reached XP level 1. HP: 18/18 MP: 1/1
   415 | D:1      | Reached XP level 2. HP: 20/24 MP: 2/2
  1005 | D:1      | Reached XP level 3. HP: 18/29 MP: 3/3
  1144 | D:2      | Reached skill level 1 in Dodging
  1653 | D:3      | Reached XP level 4. HP: 31/35 MP: 4/4
  2207 | D:3      | Noticed Ijyb
  2209 | D:3      | Reached XP level 5. HP: 32/42 MP: 5/5
  2225 | D:3      | Killed from afar by Ijyb

Vault maps used:
D:1:      saegor_arrival_simple_b
D:3:      nemelex_altar_shiori, first_bread, uniq_jessica, uniq_terence,
          uniq_natasha, uniq_iyjb

Skill      XL: |  1  2  3  4 |
---------------+-------------+-----
Long Blades    | 2 |  2.9
Dodging        | 1 |  1.5
Shields        | 3 |  3.0
Fighting       | |  3.7
Armour         | |  2.4

Action                   |  1- 3 |  4- 6 || total
-------------------------+-------+-------++-------
Melee: Long sword        |   159 |    84 ||   243
  Use: Scroll            |       |     1 ||     1
 Stab: Sleeping          |     2 |       ||     2
Armor: Robe              |    30 |    18 ||    48
Dodge: Dodged            |    52 |    25 ||    77
Block: Shield            |    72 |    32 ||   104
